 Dungeon Crawl Stone Soup version 0.31-a0-180-g519b7de00c (webtiles) character file.

Game seed: 10220592610742474193

806083 Monkooky the Cryomancer (level 27, -14/195 (212) HPs)
             Began as a Meteoran Wanderer on June 19, 2023.
             Was the Champion of Hepliaklqana.
             Killed from afar by a quicksilver elemental (16 damage)
             ... with a bolt of dispelling energy
             ... on level 2 of the Iron City of Dis on June 23, 2023.
             The game lasted 05:50:24 (35631 turns).

Monkooky the Cryomancer (Meteoran Wanderer)        Turns: 35631, Time: 05:50:24

HP:   -14/195 (212) AC: 19    Str:  8    XL:     27
MP:   34/46         EV: 31    Int: 24    God:    Hepliaklqana [******]
Gold: 3372          SH: 18    Dex: 27    Spells: 1/63 levels left

rFire   + + .        D - staff of cold
rCold   + + +        T - +1 kite shield {rC+}
rNeg    + + .        P - +5 steam dragon scales
rPois   +            E - +0 helmet of the Nexus {Contam +Blink rC++ Dex+3}
rElec   .            Q - +2 cloak {Will+}
rCorr   +            M - +2 pair of gloves
SInv    .            W - +1 pair of boots of Moral Flaws {rN++ rCorr Str-5 Dex+2}
Will    ++++.        a - amulet of magic regeneration
Stlth   ++           d - ring of Bith {Wiz rF+}
HPRegen 0.52/turn    v - ring of Ylavo {rPois rF+ AC+4 Dex+3 Stlth+}
MPRegen 0.70/turn

%: wizardry (x1)
@: spiked, glowing, studying Maces & Flails, drained, corroded
A: reduced essence, sense surroundings 3, otherworldly, glowing, explore regen,
fangs 1, clumsy 1
}: 10/15 runes: decaying, slimy, silver, abyssal, demonic, glowing, magical,
fiery, dark, gossamer
a: Renounce Religion, Evoke Blink, Recall Ancestor, Ancestor Identity,
Transference, Idealise


You were on level 2 of the Iron City of Dis.
You worshipped Hepliaklqana.
Hepliaklqana was exalted by your worship.
You visited 14 branches of the dungeon, and saw 58 of its levels.
You visited Pandemonium 4 times, and saw 19 of its levels.
You visited the Abyss 2 times.
You also visited: Ice Cave.

You collected 6460 gold pieces.
You spent 3088 gold pieces at shops.

Inventory:

Hand Weapons
 p - a +5 double sword of holy wrath
Missiles
 y - 4 throwing nets
Armour
 n - the +2 pair of boots of the Crypt {Int+3 Dex-4 Stlth+}
   (You found it in an ice cave)

   Int:       It affects your intelligence (+3).
   Dex:       It affects your dexterity (-4).
   Stlth:     It makes you more stealthy.
 E - the +0 helmet of the Nexus (worn) {Contam +Blink rC++ Dex+3}
   (You found it on level 3 of the Elven Halls)

   Dex:       It affects your dexterity (+3).
   rC:        It greatly protects you from cold.
   +Blink:    It lets you blink.
   Contam:    It causes magical contamination when unequipped.
 M - a +2 pair of gloves (worn)
 O - a +3 tower shield of cold resistance
 P - +5 steam dragon scales (worn)
 Q - a +2 cloak of willpower (worn)
 T - a +1 kite shield of cold resistance (worn)
 W - the +1 pair of boots of Moral Flaws (worn) {rN++ rCorr Str-5 Dex+2}
   (You found it on level 5 of the Lair of Beasts)

   Str:       It affects your strength (-5).
   Dex:       It affects your dexterity (+2).
   rN:        It greatly protects you from negative energy.
   rCorr:     It protects you from acid and corrosion.
Magical Staves
 f - a staff of conjuration
 D - a staff of cold (weapon)
 I - a staff of fire
 K - the staff "Jeilesmoa" {rN+ Str+2 Int+5 Necro}
   (You found it in Pandemonium)

   [staff of death]

   Base accuracy: +5 Base damage: 5 Base attack delay: 1.2 This weapon's minimum
   attack delay (0.6) is reached at skill level 12.
   Str:       It affects your strength (+2).
   Int:       It affects your intelligence (+5).
   rN:        It protects you from negative energy.
   Necro:     It increases the power of your Necromancy spells.
   It falls into the 'Staves' category.
   It is a one-handed weapon.
Jewellery
 a - an amulet of magic regeneration (around neck)
 d - the ring of Bith (left hand) {Wiz rF+}
   (You took it off an ironbound convoker on level 5 of the Vaults)

   [ring of wizardry]

   It improves your spell success rate.
   rF:        It protects you from fire.
 g - the ring of Ykustuaba {Wiz Dex+5}
   (You took it off a deep elf high priest on level 3 of the Depths)

   [ring of wizardry]

   It improves your spell success rate.
   Dex:       It affects your dexterity (+5).
 v - the ring of Ylavo (right hand) {rPois rF+ AC+4 Dex+3 Stlth+}
   (You took it off a balrug in Pandemonium)

   [ring of protection]

   AC:        It affects your AC (+4).
   Dex:       It affects your dexterity (+3).
   rF:        It protects you from fire.
   rPois:     It protects you from poison.
   Stlth:     It makes you more stealthy.
 z - a ring of resist corrosion
 C - the ring "Nedainka" {rPois Will+++ Str+7 Dex-3 SInv}
   (You found it on level 3 of the Depths)

   [ring of poison resistance]

   Str:       It affects your strength (+7).
   Dex:       It affects your dexterity (-3).
   rPois:     It protects you from poison.
   SInv:      It lets you see invisible.
   Will:      It greatly increases your willpower.
 S - the ring of Baxud {rElec rC+ MP+9}
   (You took it off a balrug in Pandemonium)

   [ring of magical power]

   rC:        It protects you from cold.
   rElec:     It insulates you from electricity.
   MP:        It affects your magic capacity (+9).
 U - a +6 ring of intelligence
Wands
 e - a wand of iceblast (50)
 w - a wand of mindburst (31)
 G - a wand of paralysis (58)
 V - a wand of digging (19)
 Z - a wand of light (18)
Scrolls
 h - 5 scrolls of fog
 j - a scroll of silence
 m - 9 scrolls of vulnerability
 r - 5 scrolls of revelation
 s - 6 scrolls of amnesia
 A - 13 scrolls of teleportation
 B - 6 scrolls of fear
 H - 3 scrolls of blinking
 R - 5 scrolls of immolation
 Y - 3 scrolls of poison
Potions
 b - 4 potions of cancellation
 c - 4 potions of attraction
 i - 12 potions of curing
 k - 7 potions of haste
 l - 8 potions of brilliance
 q - a potion of berserk rage
 t - 4 potions of enlightenment
 u - 6 potions of mutation
 x - 6 potions of ambrosia
 L - 2 potions of magic
 N - 4 potions of resistance
Miscellaneous
 o - a condenser vane (inert)
 F - the horn of Geryon (inert)
 J - a phial of floods
 X - a phantom mirror


   Skills:
 - Level 17.4 Fighting
 - Level 2.4 Long Blades
 - Level 12.0 Staves
 - Level 11.2 Armour
 - Level 19.6 Dodging
 - Level 1.0 Stealth
 - Level 16.7 Shields
 - Level 18.8 Spellcasting
 - Level 11.6 Conjurations
 - Level 8.2 Translocations
 - Level 9.5 Transmutations
 - Level 21.7 Fire Magic
 * Level 25.3 Ice Magic
 - Level 19.6 Air Magic
 - Level 12.2 Earth Magic
 - Level 11.2 Invocations
 - Level 16.3 Evocations


You had one spell level left.
You knew the following spells:

 Your Spells              Type           Power      Damage    Failure   Level
a - Maxwell's Capacitive  Air            43%        ∞         4%          8
b - Ozocubu's Refrigerat  Ice            60%        4d20      1%          7
c - Wereblood             Tmut           62%        N/A       1%          2
d - Leda's Unmaking       Conj/Erth      34%        9d6       2%          6
e - Polar Vortex          Ice            60%        N/A       6%          9
g - Ignition              Fire           45%        3d13      1%          8
h - Passage of Golubria   Tloc           58%        N/A       1%          4
i - Lee's Rapid Deconstr  Erth           34%        3d17*     1%          5
j - Plasma Beam           Fire/Air       44%        2x1d58    1%          6
k - Storm Form            Tmut/Air       37%        N/A       4%          7

Your spell library contained the following spells:

 Spells                   Type           Power      Damage    Failure   Level
 Foxfire                  Conj/Fire      100%       2x1d9     0%          1
 Freeze                   Ice            100%       1d10      0%          1
 Shock                    Conj/Air       100%       1d9       0%          1
 Apportation              Tloc           100%       N/A       1%          1
 Beastly Appendage        Tmut           100%       N/A       1%          1
 Kiss of Death            Conj/Necr      100%       2d13      1%          1
 Sting                    Tmut/Pois      100%       1d8       1%          1
 Scorch                   Fire           100%       2d9       0%          2
 Static Discharge         Conj/Air       100%       2-7/arc   0%          2
 Frozen Ramparts          Ice            100%       1d16      0%          3
 Hailstorm                Conj/Ice       100%       3d20      0%          3
 Ozocubu's Armour         Ice            100%       N/A       0%          3
 Swiftness                Air            86%        N/A       0%          3
 Airstrike                Air            43%        2d(7-23)  0%          4
 Blink                    Tloc           100%       N/A       1%          2
 Cigotuvi's Dreadful Rot  Necr/Pois/Air  100%       N/A       1%          2
 Ensorcelled Hibernation  Hex/Ice        100%       N/A       1%          2
 Passwall                 Tmut/Erth      54%        N/A       1%          2
 Dazzling Flash           Conj/Hex       100%       N/A       1%          3
 Gell's Gravitas          Tloc           58%        N/A       1%          3
 Ignite Poison            Fire/Tmut/Pois 64%        N/A       1%          3
 Inner Flame              Hex/Fire       66%        N/A       1%          3
 Portal Projectile        Hex/Tloc       84%        N/A       1%          3
 Spider Form              Tmut/Pois      45%        N/A       1%          3
 Stone Arrow              Conj/Erth      100%       3d13      1%          3
 Vhi's Electric Charge    Tloc/Air       100%       N/A       1%          3
 Volatile Blastmotes      Fire/Tloc      100%       2d18      1%          3
 Animate Armour           Summ/Erth      100%       N/A       1%          4
 Flame Wave               Conj/Fire      80%        2d17      1%          4
 Fulminant Prism          Conj/Hex       25%        3d14      1%          4
 Ice Form                 Ice/Tmut       100%       N/A       1%          4
 Iskenderun's Mystic Bla  Conj/Tloc      63%        2d13      1%          4
 Leda's Liquefaction      Hex/Erth       25%        N/A       1%          4
 Manifold Assault         Tloc           58%        N/A       1%          4
 Sticky Flame             Conj/Fire      80%        2d9       1%          4
 Summon Ice Beast         Ice/Summ       90%        N/A       1%          4
 Summon Lightning Spire   Summ/Air       63%        N/A       1%          4
 Arcjolt                  Conj/Air       39%        1d49      1%          5
 Blade Hands              Tmut           31%        N/A       1%          5
 Fireball                 Conj/Fire      40%        3d16      1%          5
 Freezing Cloud           Conj/Ice/Air   53%        6-21      1%          5
 Silence                  Hex/Air        31%        N/A       1%          5
 Simulacrum               Ice/Necr       45%        N/A       1%          6
 Starburst                Conj/Fire      40%        6d11      1%          6
 Sublimation of Blood     Necr           22%        N/A       2%          2
 Statue Form              Tmut/Erth      43%        N/A       3%          6
 Borgnjor's Vile Clutch   Necr/Erth      25%        N/A       4%          5
 Confusing Touch          Hex            22%        N/A       6%          3
 Tukima's Dance           Hex            22%        N/A       6%          3
 Alistair's Intoxication  Tmut/Pois      30%        N/A       8%          5
 Summon Forest            Summ/Tloc      21%        N/A       10%         5
 Anguish                  Hex/Necr       11%        N/A       17%         4
 Animate Dead             Necr           22%        N/A       17%         4
 Cause Fear               Hex            11%        N/A       17%         4
 Dispel Undead            Necr           22%        3d12      17%         4
 Olgreb's Toxic Radiance  Pois           22%        N/A       17%         4
 Eringya's Noxious Bog    Tmut/Pois      22%        N/A       36%         6
 Summon Mana Viper        Hex/Summ       22%        N/A       43%         5
 Lehudib's Crystal Spear  Conj/Erth      34%        10d9      63%         8
 Death Channel            Necr           11%        N/A       93%         6
 Summon Cactus Giant      Summ           11%        N/A       93%         6
 Enfeeble                 Hex            11%        N/A       100%        7
 Haunt                    Necr/Summ      11%        N/A       100%        7
 Summon Hydra             Summ           11%        N/A       100%        7
 Infestation              Necr           11%        N/A       100%        8


Dungeon Overview and Level Annotations

Branches:
Dungeon (15/15) Zot: 1229  Temple (1/1) D:7 Zot: 458    Lair (5/5) D:10 Zot: 103
  Swamp (4/4) Lair:3 Zot: 701  Spider (4/4) Lair:3 Zot: 396   Slime (5/5) Lair:5 Zot: 2790
    Orc (2/2) D:10 Zot: 730     Elf (3/3) Orc:2 Zot: 45  Vaults (5/5) D:14 Zot: 89
  Crypt (2/3) Vaults:3 Zot: 886  Depths (4/4) D:15 Zot: 1342    Hell (visited)
    Dis (2/7) Hell Zot: 1789     Coc (0/7) Hell            Tar (0/7) Hell
    Zot (5/5) Depths:4 Zot: 3332   IceCv (visited)
    Geh: Hell:1

Altars:
Ashenzari
Cheibriados
Dithmenos
Elyvilon
Fedhas
Gozag
Hepliaklqana
Kikubaaqudgha
Makhleb
Nemelex Xobeh
Okawaru
Qazlal
Ru
Sif Muna
Trog
Uskayaw
Vehumet
Wu Jian
Xom
Yredelemnul
Zin
The Shining One
Jiyva

Shops:
D:11 !(*   D:13 (   D:15 *   Orc:1 (   Orc:2 ==*:

Portals:
Hell: Depths:1 Depths:4
Abyss: Depths:4
Pandemonium: Depths:3
Ziggurat: Depths:3

Annotations:
D:6 exclusion: downstairs
D:7 1 transporter, Pooter's ghost, novice MiBe
D:9 Erica
Vaults:4 4 runed translucent doors


Innate Abilities, Weirdness & Mutations

Your life essence is reduced to manifest your ancestor. (-10% HP)
You passively map a large area around you.
You are easily found by Zot.
You glow in the dark.
You regain HP and MP as you explore.
You have very sharp teeth.
You are clumsy. (Dex -2)


Message History

The bolt of dispelling energy hits your hell beast.
The bolt of dispelling energy hits your hell beast!!
The bolt of dispelling energy hits you!!
* * * LOW HITPOINT WARNING * * *
Unknown command.
You feel better.
The ancient champion points at you and mumbles some strange words.
You block the entropic shot.
Your hell beast misses the quicksilver elemental. x2
The iron dragon bites Yadidatum but does no damage.
The iron dragon claws Yadidatum but does no damage.
The iron dragon tramples Yadidatum but does no damage.
The quicksilver elemental is engulfed in acidic fog.
The acid corrodes the quicksilver elemental!
The crystal echidna throws volley of spikes at you.
The volley of spikes hits you!
The barbed spikes become lodged in your body.
* * * LOW HITPOINT WARNING * * *
The quicksilver elemental hits your hell beast!!
Okay, then.
Select a target.
Press: ? - help, Dir - move target, f - ancient champion
Aim: an ancient champion, wielding a +3 great sword and wearing a +0 plate armour (heavily damaged, fast)
The floor.
The ancient champion swaps with Yadidatum!
Your hell beast is drained by nostalgia.
Your hell beast closely misses the quicksilver elemental.
Your hell beast barely misses the quicksilver elemental.
Your hell beast misses the quicksilver elemental.
Your hell beast tramples the quicksilver elemental!
The quicksilver elemental stumbles backwards!
The quicksilver elemental is engulfed in acidic fog.
The quicksilver elemental seems to be corroded for longer.
You destroy the quicksilver elemental!
The iron giant is engulfed in freezing vapours.
The quicksilver elemental breathes dispelling energy at you.
The bolt of dispelling energy hits your hell beast!!
The bolt of dispelling energy hits Yadidatum!!
The bolt of dispelling energy hits you!
You die...

* , #....#....., ,
, + #.........# *
, #+##..........r
,, , *,,
#..#...E....D.z *
###E.##..C...#..E
,,
#.22C§E§.r#..1..#
,
+....r§9.E..>#>..
* *
##...§1D..19>###>.
#@R§r1z§§.#.##8##.
#...2§§ED^..>###E.
########...RD∩#E).
#...#E.119#
#.....r#)§)
##.....)...
##........
#########


You could see the friendly Yadidatum the knight (reflecting), an iron golem, an
iron giant, 2 Hell Sentinels, 2 iron dragons, 3 quicksilver elementals, an
ancient champion (fast), 2 crystal echidnas and 3 friendly hell beasts.

Vanquished Creatures
  Cerebov (Pan)
  the Royal Jelly (Slime:5)
  Ignacio (Pan)
  Mnoleg (Pan)
  Lom Lobon (Pan)
  A dread lich (Vaults:5)
  Mara (Vaults:3)
  3 juggernauts (Dis:1)
  4 pandemonium lords (Pan)
  Bai Suzhen (Spider:4)
  Geryon (Hell)
  The ghost of Yptir the Protected, an adept AtFE of Vehumet (Vaults:4)
  3 golden dragons
  Arachne (Spider:3)
  A Tzitzimitl (Pan)
  5 iron giants (Dis:1)
  A hellephant (Hell)
  An Ice Fiend (Pan)
  2 tentacled monstrosities
  4 tainted leviathans (Dis:1)
  A lich (Depths:3)
  A Hell Sentinel (Pan)
  22 acid blobs
  2 deep elf blademasters (Elf:3)
  10 titans
  15 Executioners (Pan)
  A quicksilver dragon (Zot:2)
  5 ancient champions
  The ghost of Kikiss the Fighter, an adept DrTm of Gozag (Swamp:4)
  2 deep elf master archers (Elf:3)
  2 death cobs
  6 sphinxes
  4 thorn hunters
  3 draconian monks (Zot:2)
  11 tengu reavers
  5 rockslimes
  4 shadow dragons
  Donald (Vaults:3)
  3 storm dragons
  9 fire giants
  13 azure jellies
  2 daevas
  2 revenants
  A quicksilver elemental (Dis:2)
  2 demonspawn warmongers (Pan)
  3 fenstrider witches
  2 deep elf sorcerers
  7 frost giants
  A draconian scorcher (Zot:2)
  A draconian knight (Zot:2)
  11 vault wardens
  6 emperor scorpions
  A juggernaut zombie (Crypt:2)
  2 ghost moths
  13 balrugs (Pan)
  5 ironbound preservers
  A draconian stormcaller (Zot:1)
  2 caustic shrike zombies
  4 draconian shifters
  A curse skull (Pan)
  2 spriggan defenders (Depths:4)
  An orc warlord (Vaults:4)
  2 demonspawn blood saints (Pan)
  10 reapers
  8 cacodemons (Pan)
  10 very ugly things
  A juggernaut skeleton (Pan)
  7 quicksilver oozes
  2 deep elf elementalists (Elf:3)
  14 stone giants
  2 draconian annihilators
  A caustic shrike skeleton (Hell)
  6 ironbound thunderhulks
  4 war gargoyles
  4 demonspawn corrupters (Pan)
  3 formless jellyfish
  3 demonspawn black suns (Pan)
  2 vampire knights
  11 dire elephants
  11 deep elf annihilators
  2 green draconians
  3 black draconians
  3 deep elf demonologists
  A minotaur (shapeshifter) (Vaults:5)
  7 eleionomae
  3 white draconians
  12 yellow draconians
  3 lorocyprocas (Pan)
  4 bunyips
  2 purple draconians (Depths:4)
  5 green deaths (Pan)
  Snorg (Lair:4)
  6 deep elf death magi
  2 pearl dragon zombies (Crypt:2)
  An eidolon (Crypt:2)
  5 spark wasps
  2 iron golems (Hell)
  9 blizzard demons
  13 ettins
  4 fire dragons
  10 deep elf high priests
  Josephine (D:11)
  A shambling mangrove (Swamp:2)
  3 hell beasts
  10 great orbs of eyes
  5 yaktaur captains
  2 ghost crabs
  3 rakshasas
  29 vault guards
  2 spriggan air magi (Depths:4)
  Fannar (Lair:1)
  An entropy weaver (Spider:3)
  A hydra (shapeshifter) (Depths:3)
  10 jiangshi
  3 ogre magi
  A peacekeeper (Vaults:4)
  2 catoblepae
  A jorogumo (Spider:4)
  5 ice dragons
  18 hydras
  6 centaur warriors
  A radroach (Spider:4)
  A spriggan skeleton (Crypt:2)
  17 two-headed ogres
  14 alligators
  3 ironbound frosthearts
  A fenstrider witch skeleton (Pan)
  3 boulder beetles
  8 vampire magi
  8 dancing weapons
  5 deep troll shamans
  9 demonic crawlers
  10 hell hogs
  4 death yaks
  A titan zombie (Hell)
  Urug (D:10)
  A death knight (Crypt:2)
  4 deep troll earth magi
  2 orc high priests (Vaults:4)
  11 hell knights
  5 tengu warriors
  A spriggan berserker (Depths:4)
  26 soul eaters
  4 iron trolls
  2 wretched stars (Abyss:3)
  29 sun demons
  7 shadow wraiths
  4 deep elf knights
  A sun moth (Spider:4)
  22 skeletal warriors
  9 sixfirhies (Pan)
  Lodul (D:14)
  24 deep trolls
  3 goliath frogs
  A spatial maelstrom (Abyss:3)
  A golden dragon zombie (Hell)
  A death drake (Swamp:2)
  3 spectral hydras (Lair:3)
  2 spriggan druids
  3 glowing orange brains
  2 flayed ghosts
  6 orb spiders
  An anaconda zombie (Hell)
  22 ironbound convokers
  3 shadow demons (Pan)
  5 deep elf archers
  15 wizards
  2 tengu zombies
  10 swamp dragons
  7 phantasmal warriors
  5 bog bodies
  2 shadow dragon zombies
  Pikel (D:4)
  11 lindwurms
  12 necromancers
  4 harpies (Vaults:1)
  2 sphinx zombies
  A steelbarb worm (Spider:4)
  3 anaconda skeletons
  9 deep elf pyromancers
  18 deep elf zephyrmancers
  A frost giant zombie (Hell)
  A stone giant zombie (Vaults:4)
  2 starcursed masses (Abyss:3)
  8 wolf spiders
  An oklob plant (Zot:2)
  A manticore (D:14)
  An orc sorcerer (D:15)
  16 orc knights
  2 shining eyes
  A tengu skeleton (Pan)
  A fire giant zombie (Hell)
  6 moths of wrath
  2 salamanders (Depths:1)
  32 ugly things
  6 cyclopes
  9 elephants (Lair:3)
  A spectral boulder beetle (Lair:3)
  An iron dragon skeleton (Depths:1)
  3 apis skeletons (Crypt:2)
  2 will-o-the-wisps
  3 worldbinders
  Maurice (D:10)
  Joseph (D:9)
  17 orange demons
  4 black mambas
  3 ice statues
  A rust devil (Hell)
  2 molten gargoyles (Hell)
  15 smoke demons
  15 vault sentinels
  2 centaur skeletons
  2 gargoyles (D:13)
  4 eyes of devastation
  An orc skeleton (Crypt:2)
  2 human zombies (Vaults:4)
  2 torpor snails
  11 cane toads
  3 unseen horrors
  7 yaktaurs
  A naga skeleton (Pan)
  5 hellions
  A rime drake (Lair:3)
  A steelbarb worm zombie (Crypt:2)
  3 tormentors
  6 komodo dragons
  7 freezing wraiths
  An anaconda simulacrum (Hell)
  2 tengu conjurers
  2 efreet (Pan)
  A komodo dragon (shapeshifter) (Vaults:5)
  3 burning bushes (Lair:4)
  An ice devil (Hell)
  3 ancient zymes (Abyss:3)
  A human skeleton (Vaults:4)
  An alligator snapping turtle skeleton (Crypt:1)
  A troll (shapeshifter) (Depths:3)
  5 polar bears
  12 hellwings (Pan)
  3 red devils
  9 trolls
  A guardian mummy (D:15)
  5 meliai
  7 tyrant leeches
  2 bloated husks
  A shadow dragon simulacrum (Crypt:2)
  Grinder (D:5)
  3 hydra skeletons (Hell)
  19 tarantellas
  14 hornets
  2 harpy skeletons
  5 raiju (Abyss:3)
  13 blink frogs
  3 dream sheep
  4 spriggan zombies
  97 slime creatures
  A merfolk skeleton (Pan)
  An ettin zombie (Hell)
  14 jumping spiders
  3 vampires
  21 spriggans
  15 culicivoras
  A guardian serpent skeleton (Crypt:1)
  2 centaur simulacra
  15 ynoxinuls
  7 water elementals
  3 dire elephant simulacra (IceCv)
  3 wyverns
  23 large abominations
  16 humans (D:14)
  61 redbacks
  23 yaks
  6 golden eyes
  4 wraiths
  3 basilisks
  3 fire elementals
  3 steam dragons
  12 neqoxecs (Pan)
  Grum (D:11)
  A fire bat (Pan)
  2 elf simulacra
  14 vampire mosquitoes
  2 death yak simulacra (IceCv)
  6 chaos spawn
  2 wargs
  8 spatial vortices (Abyss:3)
  2 acid dragons
  A merfolk zombie (Crypt:1)
  Duvessa (D:5)
  3 floating eyes
  3 hell hounds (Hell)
  17 swamp worms
  9 water moccasins
  5 swamp drakes
  22 orc warriors
  A black bear (shapeshifter) (Abyss:3)
  3 black bears (Lair:5)
  An ice beast (D:6)
  11 boggarts
  21 ogres
  21 wolves
  7 centaurs
  3 lemures (D:4)
  2 phantoms (D:7)
  An elf zombie (Crypt:2)
  A kobold brigand (D:11)
  12 bullfrogs
  A scorpion (shapeshifter) (Vaults:5)
  2 gnoll sergeants
  2 cane toad simulacra (IceCv)
  5 two-headed ogre simulacra (IceCv)
  An elf skeleton (Crypt:2)
  A wight (D:7)
  A yak zombie (Crypt:1)
  Dowan (D:5)
  4 small abominations
  7 killer bees
  6 howler monkeys
  2 electric eels
  5 crimson imps (Abyss:3)
  2 hounds
  24 jellies
  9 orc priests
  2 gnoll boudas
  An iron imp (Abyss:3)
  A sleepcap (D:6)
  16 orc wizards
  7 hell rats (Hell)
  3 troll simulacra (IceCv)
  4 spriggan simulacra
  A wolf simulacrum (IceCv)
  19 gnolls
  6 naga simulacra (IceCv)
  12 adders
  8 white imps
  5 ufetubi
  A worm (D:3)
  56 orcs
  2 giant cockroaches
  6 goblins
  5 hobgoblins
  11 jackals
  A quokka (D:1)
  4 ball pythons
  7 bats
  5 frilled lizards
  A jackal zombie (Crypt:1)
  10 kobolds
  An orc zombie (Crypt:1)
  2 rats
  A rat skeleton (Crypt:1)
  A spectral hobgoblin (D:7)
2058 creatures vanquished.

Vanquished Creatures (collateral kills)
  Gloorx Vloq (Pan)
  2 dread liches (Vaults:5)
  A juggernaut (Dis:1)
  Sojobo (Crypt:2)
  A golden dragon (Zot:3)
  A profane servitor (Crypt:2)
  2 Brimstone Fiends (Pan)
  2 iron giants (Dis:1)
  5 tentacled monstrosities
  2 pandemonium lords (Pan)
  A lich (Depths:3)
  A deep elf blademaster (Elf:3)
  A titan (Pan)
  2 acid blobs (Zot:2)
  11 Executioners (Pan)
  An eldritch tentacle (Pan)
  Frances (D:12)
  A storm dragon (Zot:5)
  An azure jelly (Slime:1)
  3 shadow dragons (Vaults:5)
  3 demonspawn warmongers (Pan)
  4 fire giants
  2 rockslimes
  9 balrugs (Pan)
  3 deep elf sorcerers (Elf:3)
  An emperor scorpion (Spider:3)
  5 frost giants
  4 vault wardens
  An orc warlord (Vaults:4)
  5 ghost moths
  5 cacodemons (Pan)
  A demonspawn blood saint (Pan)
  3 reapers
  A war gargoyle (Vaults:4)
  2 ironbound preservers
  5 very ugly things
  An ironbound thunderhulk (Vaults:2)
  3 stone giants
  A vampire knight (Crypt:2)
  6 lorocyprocas (Pan)
  2 deep elf annihilators (Elf:3)
  A yellow draconian (Zot:2)
  2 dire elephants
  2 bunyips
  A red draconian (Depths:4)
  A merfolk javelineer (Depths:1)
  A jiangshi (Crypt:1)
  2 fire dragons (Depths:3)
  4 green deaths (Pan)
  An ettin (Vaults:5)
  A deep elf death mage (Crypt:1)
  2 blizzard demons (Pan)
  A vault guard (Vaults:5)
  2 deep elf high priests
  6 entropy weavers
  2 yaktaur captains
  A great orb of eyes (Depths:3)
  7 hydras
  A peacekeeper (Vaults:4)
  A catoblepas (Lair:1)
  A jorogumo (Spider:4)
  An ice dragon (Hell)
  A death knight (Crypt:2)
  A boulder beetle (Spider:4)
  A dancing weapon (Elf:1)
  4 death yaks
  2 hell hogs
  2 two-headed ogres
  2 alligators
  2 titan zombies
  2 deep troll earth magi
  A demonic crawler (Pan)
  A spriggan berserker (Depths:3)
  A thrashing horror (Abyss:1)
  3 hell knights
  55 sun demons
  3 soul eaters
  A salamander mystic (Depths:1)
  A wretched star (Abyss:3)
  An iron troll (Depths:1)
  7 sixfirhies (Pan)
  A skyshark (Lair:4)
  7 skeletal warriors
  A spriggan druid (Swamp:2)
  An anaconda zombie (Crypt:2)
  5 spatial maelstroms (Abyss:3)
  2 shadow demons (Abyss:3)
  4 deep trolls
  3 deep elf pyromancers
  A golden dragon skeleton (Crypt:2)
  A wizard (Vaults:1)
  2 steelbarb worms
  2 swamp dragons
  A bog body (Swamp:3)
  3 lindwurms
  A shadow dragon zombie (D:15)
  A bunyip skeleton (Pan)
  2 necromancers
  2 orc knights
  7 ugly things
  A shining eye (Slime:5)
  2 stone giant zombies (Hell)
  5 wolf spiders
  A cyclops (D:14)
  3 will-o-the-wisps (Swamp:2)
  A manticore (shapeshifter) (Abyss:3)
  2 black mambas
  4 vault sentinels
  3 iron dragon skeletons
  3 moths of wrath
  An elephant (Lair:3)
  2 molten gargoyles (Hell)
  2 centaur skeletons (Pan)
  A frost giant skeleton (Depths:1)
  2 rust devils (Pan)
  An apis skeleton (Crypt:2)
  11 smoke demons
  6 orange demons (Pan)
  3 komodo dragons
  A cane toad (Lair:3)
  8 efreet
  2 freezing wraiths
  3 tormentors
  A yaktaur (Vaults:4)
  An unseen horror skeleton (Crypt:2)
  2 trolls
  A sea snake zombie (Hell)
  5 red devils (Pan)
  A death yak skeleton (Crypt:1)
  A harpy zombie (Crypt:2)
  A wind drake (shapeshifter) (Vaults:5)
  A hellwing (Pan)
  7 tarantellas
  A hydra zombie (Hell)
  A sea snake skeleton (Hell)
  3 polar bears
  A harpy skeleton (Crypt:2)
  4 hornets
  4 raiju (Abyss:3)
  2 tyrant leeches
  4 blink frogs
  2 alligator zombies (Hell)
  16 slime creatures
  3 dream sheep
  7 jumping spiders
  A culicivora (Spider:1)
  2 ettin skeletons
  7 spriggans
  An air elemental (Elf:1)
  An ice dragon skeleton (Crypt:2)
  3 ynoxinuls (Pan)
  2 wyverns
  3 basilisks
  A spriggan (shapeshifter) (Vaults:5)
  6 yaks
  5 wraiths
  A fire elemental (Elf:1)
  2 neqoxecs (Pan)
  3 chaos spawn (Pan)
  2 steam dragons
  7 large abominations
  9 redbacks
  3 small abominations
  A naga zombie (Crypt:2)
  4 vampire mosquitoes
  A warg (Vaults:5)
  2 spatial vortices (Abyss:3)
  4 swamp worms
  2 glowing shapeshifter skeletons
  3 water moccasins
  A swamp drake (Swamp:4)
  2 orc warriors
  2 black bears
  2 sky beasts
  2 ogres
  10 wolves
  A phantom (D:4)
  5 bullfrogs
  A gnoll sergeant (D:8)
  2 two-headed ogre simulacra (IceCv)
  4 wights (D:7)
  A queen bee zombie (Crypt:1)
  An elephant simulacrum (IceCv)
  A jelly (Zot:2)
  4 orc priests
  An iguana (D:4)
  3 orc wizards
  A polar bear simulacrum (IceCv)
  A hell rat (Hell)
  A troll simulacrum (IceCv)
  6 gnolls
  2 adders
  A naga simulacrum (IceCv)
  5 white imps
  An ufetubus (IceCv)
  A dart slug (D:3)
  23 orcs
  An endoplasm (D:2)
  3 hobgoblins
  3 jackals
  2 kobolds
  A quokka (D:2)
  3 ball pythons
  2 bats (D:2)
  A frilled lizard (D:3)
  8 rats
  A ball lightning (Pan)
610 creatures vanquished.

Vanquished Creatures (others)
  An Executioner (Pan)
  An eldritch tentacle (Pan)
  A storm dragon (Depths:4)
  A stone giant (Vaults:5)
  A lorocyproca (Pan)
  A bunyip (Swamp:2)
  A blizzard demon (Pan)
  2 yaktaur captains
  A sixfirhy (Pan)
  3 wizards (Pan)
  A will-o-the-wisp (Swamp:1)
  2 smoke demons (Pan)
  4 hellwings (Pan)
  A centaur simulacrum (D:14)
  A ynoxinul (Pan)
  A jelly (Zot:2)
  23 knights
  An orc (Vaults:5)
  5 ball lightnings (Pan)
  16 foxfires
  A lurking horror (Abyss:3)
69 creatures vanquished.

Grand Total: 2737 creatures vanquished

Notes
Turn   | Place    | Note
-------+----------+-------------------------------------------
     0 | D:1      | Monkooky the Meteoran Wanderer began the quest for the Orb.
     0 | D:1      | Monkooky set off with the following items: a +0 falchion, a
                  | +0 cloak, a potion of lignification, a +0 robe; and the
                  | following spell memorised: Freeze; and the following spells
                  | available to memorise: Hailstorm, Summon Ice Beast.
     0 | D:1      | Reached XP level 1. HP: 16/16 MP: 3/3
    60 | D:1      | Found a faded altar of an unknown god.
    73 | D:1      | Prayed at the altar of an unknown god.
    73 | D:1      | Became a worshipper of Hepliaklqana the Forgotten
    73 | D:1      | Reached * piety under Hepliaklqana
    95 | D:1      | Reached XP level 2. HP: 20/20 MP: 3/5
   244 | D:1      | Reached XP level 3. HP: 23/25 MP: 2/7
   389 | D:2      | Reached ** piety under Hepliaklqana
   390 | D:2      | Remembered your ancestor Yadidatum as a knight
   416 | D:2      | Learned a level 3 spell: Hailstorm
   560 | D:2      | Reached skill level 1 in Conjurations
   560 | D:2      | Reached XP level 4. HP: 29/31 MP: 6/9
   573 | D:2      | Reached skill level 5 in Ice Magic
   740 | D:3      | Reached XP level 5. HP: 35/36 MP: 5/10
   908 | D:3      | Found an ornate altar of the Wu Jian Council.
  1000 | D:3      | Identified the +0 trident of Lawunet {drain, rElec rN+}
  1153 | D:3      | Found the +1 Delatra's gloves {ID++}
  1233 | D:4      | Reached XP level 6. HP: 40/42 MP: 3/11
  1244 | D:4      | Learned a level 2 spell: Wereblood
  1287 | D:4      | Noticed an ogre
  1292 | D:4      | Killed an ogre
  1299 | D:4      | Reached *** piety under Hepliaklqana
  1319 | D:4      | Reached skill level 5 in Conjurations
  1319 | D:4      | Reached skill level 6 in Ice Magic
  1319 | D:4      | Reached XP level 7. HP: 43/46 MP: 3/12
  1352 | D:4      | Found a shimmering altar of Xom.
  1394 | D:4      | Noticed Pikel
  1648 | D:4      | Killed Pikel
  1649 | D:4      | Reached skill level 7 in Ice Magic
  1649 | D:4      | Reached XP level 8. HP: 29/53 MP: 0/13
  1844 | D:5      | Entered Level 5 of the Dungeon
  1879 | D:5      | Noticed Dowan
  1882 | D:5      | Reached skill level 1 in Invocations
  1884 | D:5      | Noticed Duvessa
  1888 | D:5      | Killed Dowan
  1889 | D:5      | Killed Duvessa
  2043 | D:5      | Gained mutation: You passively map the area around you.
                  | [Meteoran growth]
  2043 | D:5      | Reached XP level 9. HP: 44/60 MP: 8/14
  2316 | D:5      | Noticed Grinder
  2325 | D:5      | Killed Grinder
  2377 | D:5      | Reached **** piety under Hepliaklqana
  2515 | D:6      | Learned a level 3 spell: Stone Arrow
  2832 | D:6      | Reached skill level 1 in Earth Magic
  3019 | D:7      | Reached XP level 10. HP: 45/71 MP: 9/15
  3046 | D:7      | Found a sacrificial altar of Ru.
  3075 | D:7      | Reached skill level 10 in Conjurations
  3248 | D:7      | Noticed Pooter's ghost (novice MiBe)
  3251 | D:7      | Found a transporter.
  3251 | D:7      | Noticed a two-headed ogre
  3294 | D:7      | Found a hazy altar of Hepliaklqana.
  3342 | D:7      | Found a staircase to the Ecumenical Temple.
  3355 | Temple   | Entered the Ecumenical Temple
  3667 | D:7      | Reached skill level 5 in Staves
  3774 | D:8      | Learned a level 2 spell: Passwall
  3814 | D:8      | Reached XP level 11. HP: 62/80 MP: 1/16
  3875 | D:8      | Found a sparkling altar of Nemelex Xobeh.
  3913 | D:8      | Noticed a +0 short sword
  3913 | D:8      | Noticed a +0 dagger
  3913 | D:8      | Noticed a +0 short sword
  3914 | D:8      | Noticed a +0 spear
  3914 | D:8      | Noticed a +0 falchion
  3914 | D:8      | Noticed a +0 falchion
  3915 | D:8      | Noticed a +0 dagger
  3918 | D:8      | Noticed a +0 spear
  3930 | D:8      | Found a hide-covered altar of Uskayaw.
  4211 | D:8      | Reached skill level 10 in Staves
  4377 | D:9      | Learned a level 4 spell: Sticky Flame
  4429 | D:9      | Noticed Joseph
  4453 | D:9      | Killed Joseph
  4532 | D:9      | Noticed a two-headed ogre
  4534 | D:9      | Noticed Erica
  4701 | D:9      | Killed a two-headed ogre
  4702 | D:9      | Reached skill level 5 in Fire Magic
  4850 | D:10     | Entered Level 10 of the Dungeon
  4883 | D:10     | Noticed Urug
  4904 | D:10     | Killed Urug
  4954 | D:10     | Noticed a death yak
  4962 | D:10     | Killed a death yak
  4964 | D:10     | Noticed a death yak
  4966 | D:10     | Noticed a death yak
  5127 | D:10     | Reached XP level 12. HP: 85/86 MP: 10/17
  5191 | D:10     | Killed a death yak
  5212 | D:10     | Killed a death yak
  5213 | D:10     | Reached skill level 10 in Fire Magic
  5236 | D:10     | Found a staircase to the Orcish Mines.
  5237 | D:10     | Reached ***** piety under Hepliaklqana
  5275 | D:10     | Found a staircase to the Lair.
  5286 | D:10     | Noticed Maurice
  5296 | D:10     | Killed Maurice
  5348 | Lair:1   | Entered Level 1 of the Lair of Beasts
  5348 | Lair:1   | Noticed Fannar
  5348 | Lair:1   | Noticed a catoblepas
  5355 | Lair:1   | Killed Fannar
  5371 | Lair:1   | Killed a catoblepas
  5551 | Lair:1   | Noticed a catoblepas
  5564 | Lair:1   | Killed a catoblepas
  5730 | Lair:1   | You fall into a shaft and drop 1 floor!
  5738 | Lair:2   | Noticed a six-headed hydra
  5743 | Lair:2   | Killed a six-headed hydra
  5744 | Lair:2   | Reached XP level 13. HP: 96/96 MP: 12/21
  5754 | Lair:2   | Reached skill level 1 in Evocations
  5971 | Lair:2   | Reached skill level 5 in Evocations
  6182 | Lair:2   | Noticed an eight-headed hydra
  6188 | Lair:2   | Killed an eight-headed hydra
  6469 | Lair:3   | Reached skill level 5 in Spellcasting
  6734 | Lair:3   | Reached XP level 14. HP: 71/104 MP: 4/24
  6811 | Lair:3   | Reached skill level 1 in Armour
  7030 | Lair:3   | Found a hole to the Spider Nest.
  7141 | Lair:4   | Reached skill level 5 in Invocations
  7418 | Lair:4   | Reached ****** piety under Hepliaklqana
  7443 | Lair:4   | Noticed Snorg
  7463 | Lair:4   | Killed Snorg
  7542 | Lair:5   | Entered Level 5 of the Lair of Beasts
  7563 | Lair:5   | Reached skill level 10 in Invocations
  7568 | Lair:5   | Identified the +1 pair of boots of Moral Flaws {rN++ rCorr
                  | Str-5 Dex+2}
  7595 | Lair:5   | Found a staircase to the Slime Pits.
  7630 | Lair:5   | Found a viscous altar of Jiyva.
  7725 | Lair:4   | Learned a level 8 spell: Ignition
  7929 | Lair:5   | Reached XP level 15. HP: 89/109 MP: 3/26
  8582 | Lair:5   | Reached skill level 15 in Fire Magic
  8766 | D:11     | Found Jin Turino's Assorted Antiques.
  8772 | D:11     | Noticed Josephine
  8778 | D:11     | Killed Josephine
  8860 | D:11     | Noticed Grum
  8865 | D:11     | Killed Grum
  9133 | D:11     | Found a frozen archway.
  9134 | D:11     | Found Zoarr's Distillery.
  9146 | D:11     | Bought a potion of mutation for 112 gold pieces
  9195 | IceCv    | Entered an ice cave
  9538 | IceCv    | Identified the +2 pair of boots of the Crypt {Int+3 Dex-4
                  | Stlth+}
  9595 | IceCv    | Identified the +5 dire flail "Veprumn" {pain, *Noise Str-4
                  | Dex+7 SInv}
  9751 | D:11     | Found Qetim's Antique Weapon Emporium.
  9972 | Orc:1    | Entered Level 1 of the Orcish Mines
 10046 | Orc:1    | You fall into a shaft and drop 1 floor!
 10046 | Orc:2    | Entered Level 2 of the Orcish Mines
 10046 | Orc:2    | Found Ziplutits's Jewellery Shoppe.
 10053 | Orc:2    | Reached XP level 16. HP: 116/116 MP: 13/30
 10105 | Orc:2    | Found Asoecwic's Assorted Antiques.
 10105 | Orc:2    | Found Kasecyih's Jewellery Emporium.
 10132 | Orc:2    | Found Hururchy's Book Shoppe.
 10135 | Orc:2    | Bought a fuming blue potion for 18 gold pieces
 10135 | Orc:2    | Bought an orange potion for 18 gold pieces
 10243 | Orc:2    | Found a staircase to the Elven Halls.
 10272 | Orc:2    | Bought a manual of Dodging for 1200 gold pieces
 10286 | Elf:1    | Entered Level 1 of the Elven Halls
 10292 | Elf:1    | Reached skill level 5 in Dodging
 10306 | Elf:1    | Found a radiant altar of Vehumet.
 10429 | Elf:1    | Noticed a deep elf sorcerer
 10432 | Elf:1    | Killed a deep elf sorcerer
 10658 | Elf:1    | Reached skill level 10 in Dodging
 10794 | Elf:1    | Noticed an Ice Fiend
 10848 | Elf:1    | Reached XP level 17. HP: 125/125 MP: 24/31
 10882 | Elf:1    | Paralysed by an air elemental for 1 turns
 10924 | Elf:1    | Glimpsed the power of Zot.
 10986 | Elf:1    | Glimpsed the power of Zot.
 11004 | Elf:3    | Entered Level 3 of the Elven Halls
 11027 | Elf:3    | Reached skill level 10 in Fighting
 11301 | Elf:3    | Noticed a deep elf blademaster
 11308 | Elf:3    | Killed a deep elf blademaster
 11390 | Elf:3    | Reached skill level 15 in Dodging
 11434 | Elf:3    | Noticed a deep elf master archer
 11439 | Elf:3    | Killed a deep elf master archer
 11449 | Elf:3    | Noticed a deep elf master archer
 11453 | Elf:3    | Killed a deep elf master archer
 11660 | Elf:3    | Noticed a deep elf blademaster
 11660 | Elf:3    | Identified the +11 morningstar of the Wicked God {heavy,
                  | rN+ Will+}
 11663 | Elf:3    | Identified the +2 ring mail "Pethoch" {MP+9 Str-4 Int+3}
 11663 | Elf:3    | Noticed a deep elf blademaster
 11664 | Elf:3    | Identified the ring of Uwkalol {Ice Dex+3}
 11665 | Elf:3    | Killed a deep elf blademaster
 11665 | Elf:3    | Killed a deep elf blademaster
 11676 | Elf:3    | Reached skill level 10 in Spellcasting
 11676 | Elf:3    | Gained mutation: You passively map a large area around you.
                  | [Meteoran growth]
 11676 | Elf:3    | Reached XP level 18. HP: 47/135 MP: 7/33
 12022 | Elf:3    | Identified the +8 flail of Ixad {distort, rElec Str+3
                  | Stlth+}
 12119 | Elf:3    | Got the Codex of Vitriolic Spellbinding
 12243 | Elf:3    | Identified the +8 flail "Juxuj" {flame, Drain rElec rC-
                  | Dex+4}
 12256 | Elf:3    | Identified the +0 helmet of the Nexus {Contam +Blink rC++
                  | Dex+3}
 12299 | Elf:3    | Identified the +0 plate armour "Majo" {rElec Int-5 Slay+5}
 12432 | Elf:3    | Glimpsed the power of Zot.
 12493 | Elf:1    | Glimpsed the power of Zot.
 12800 | Orc:1    | Found Quig Zank's Antique Weapon Boutique.
 13077 | D:10     | Reached skill level 1 in Shields
 13611 | D:11     | Bought a scroll labelled YQIH DAGRA for 21 gold pieces
 13669 | D:11     | Reached skill level 5 in Shields
 13826 | D:12     | Noticed Frances
 13833 | D:12     | Killed Frances
 13913 | D:12     | Found an opulent altar of Gozag.
 14736 | Spider:1 | Entered Level 1 of the Spider Nest
 15143 | Spider:2 | Reached skill level 10 in Shields
 15486 | Spider:2 | Reached XP level 19. HP: 142/142 MP: 25/34
 15857 | Spider:3 | Noticed Arachne
 15871 | Spider:3 | HP: 2/142 [Arachne/staff of poison (19)]
 15872 | Spider:3 | Killed Arachne
 16074 | Spider:4 | Entered Level 4 of the Spider Nest
 16218 | Spider:4 | Noticed Bai Suzhen
 16352 | Spider:4 | Killed Bai Suzhen
 16840 | Spider:4 | Learned a level 4 spell: Passage of Golubria
 16864 | Spider:4 | Reached skill level 1 in Translocations
 16914 | Spider:4 | Reached XP level 20. HP: 52/149 MP: 4/37
 17032 | Spider:4 | Got a gossamer rune of Zot
 17518 | Slime:1  | Entered Level 1 of the Pits of Slime
 17522 | Slime:1  | Reached skill level 5 in Translocations
 17671 | Slime:2  | Learned a level 5 spell: Lee's Rapid Deconstruction
 17683 | Slime:2  | You fall into a shaft and drop 2 floors!
 17687 | Slime:4  | Reached skill level 5 in Earth Magic
 17731 | Slime:5  | Entered Level 5 of the Pits of Slime
 17908 | Slime:5  | Paralysed by a formless jellyfish for 1 turns
 17911 | Slime:4  | Paralysed by a formless jellyfish for 1 turns
 18111 | Slime:5  | Noticed the Royal Jelly
 18160 | Slime:5  | Killed the Royal Jelly
 18161 | Slime:5  | Reached XP level 21. HP: 153/153 MP: 17/39
 18269 | Slime:5  | Got the Lessons on the Frigorific Mausoleum
 18282 | Slime:5  | Got a slimy rune of Zot
 18301 | Slime:5  | Identified the +4 shadow dragon scales of the Ward {-Cast
                  | rElec rC++ Will+ Stlth++++}
 18412 | Slime:5  | Reached skill level 1 in Transmutations
 18412 | Slime:5  | Reached skill level 1 in Air Magic
 18541 | Lair:3   | Found a staircase to the Swamp.
 18555 | Swamp:1  | Entered Level 1 of the Swamp
 18619 | Swamp:2  | Reached skill level 5 in Air Magic
 18676 | Swamp:2  | Learned a level 6 spell: Plasma Beam
 18735 | Swamp:2  | Noticed a tentacled monstrosity
 18742 | Swamp:2  | Killed a tentacled monstrosity
 18937 | Swamp:2  | Reached skill level 10 in Air Magic
 19333 | Swamp:3  | Found a hazy altar of Hepliaklqana.
 19343 | Swamp:3  | Reached XP level 22. HP: 161/161 MP: 34/40
 19418 | Swamp:4  | Entered Level 4 of the Swamp
 19592 | Swamp:4  | Got a decaying rune of Zot
 19608 | Swamp:4  | Found a runed translucent door.
 19618 | Swamp:4  | Noticed Kikiss's ghost (adept DrTm)
 19647 | Swamp:4  | Killed Kikiss's ghost
 20680 | Lair:2   | Glimpsed the power of Zot.
 20741 | Orc:2    | Bought an Inescapable Atlas for 480 gold pieces
 20741 | Orc:2    | Bought a book of Ice for 750 gold pieces
 20746 | Orc:2    | Bought a potion of haste for 210 gold pieces
 20746 | Orc:2    | Bought a scroll of vulnerability for 84 gold pieces
 20746 | Orc:2    | Bought a scroll of vulnerability for 84 gold pieces
 20868 | D:13     | Found Vigibuad's Antique Weapon Shop.
 21649 | D:14     | Reached skill level 5 in Transmutations
 21716 | D:15     | Entered Level 15 of the Dungeon
 21716 | D:15     | Found Yfaeckue's Assorted Antiques.
 21723 | D:15     | Bought a scroll of teleportation for 111 gold pieces
 21768 | D:15     | Learned a level 7 spell: Storm Form
 21888 | D:15     | Reached skill level 15 in Air Magic
 21888 | D:15     | Found a staircase to the Depths.
 22422 | D:14     | Noticed Lodul
 22422 | D:14     | Found a gate to the Vaults.
 22423 | D:14     | Killed Lodul
 22614 | D:14     | Identified the +2 flail of Prudence {protect, rF+}
 22619 | Vaults:1 | Entered Level 1 of the Vaults
 22653 | Vaults:1 | Learned a level 8 spell: Maxwell's Capacitive Coupling
 22681 | Vaults:1 | Reached XP level 23. HP: 162/166 MP: 26/42
 22980 | Vaults:3 | Noticed Mara
 22991 | Vaults:3 | Noticed Monkooky's illusion
 22992 | Vaults:3 | Killed Mara
 23073 | Vaults:3 | Noticed Donald
 23074 | Vaults:3 | Killed Donald
 23520 | Vaults:4 | Reached XP level 24. HP: 173/173 MP: 37/42
 23533 | Vaults:5 | Entered Level 5 of the Vaults
 23586 | Vaults:5 | Identified the amulet of the Fuzzy God {Faith Str+3 Int+3
                  | Stlth-}
 23649 | Vaults:5 | Reached skill level 5 in Armour
 23707 | Vaults:5 | Got the Book of Congealing Toxicity
 23743 | Vaults:5 | Noticed a dread lich
 23749 | Vaults:5 | Killed a dread lich
 23751 | Vaults:5 | Identified the +4 great mace "Xom's Wantonness" {freeze,
                  | rCorr Str+3}
 23880 | Vaults:5 | Got a silver rune of Zot
 23926 | Vaults:5 | Noticed a golden dragon
 23933 | Vaults:5 | Killed a golden dragon
 23984 | Vaults:5 | Noticed a dread lich
 23994 | Vaults:5 | Killed a dread lich
 23995 | Vaults:5 | Reached XP level 25. HP: 172/185 MP: 21/42
 24112 | Vaults:5 | Identified the amulet of Uvylagus {Regen+ Dex+4}
 24128 | Vaults:5 | Got the Thoughts on Fever
 24130 | Vaults:5 | Identified the staff of Fedhas's Reproof {rF- rC+ Str+5
                  | SInv Stlth- Ice}
 24141 | Vaults:5 | Found the +8 arc blade {discharge, rElec}
 24142 | Vaults:5 | Identified the ring of Bith {Wiz rF+}
 24233 | Vaults:5 | Identified the +1 plate armour of Makhleb, Shrinking {rF+
                  | Dex+3}
 24243 | Vaults:5 | Noticed a dread lich
 24254 | Vaults:5 | Killed a dread lich
 24769 | Vaults:4 | Found a large runed translucent door.
 24769 | Vaults:4 | Found a large runed translucent door.
 24769 | Vaults:4 | Found a large runed translucent door.
 24769 | Vaults:4 | Found a large runed translucent door.
 24770 | Vaults:4 | Noticed Yptir's ghost (adept AtFE)
 24770 | Vaults:4 | Found a large runed translucent door.
 24770 | Vaults:4 | Found a large runed translucent door.
 24770 | Vaults:4 | Found a large runed translucent door.
 24770 | Vaults:4 | Found a large runed translucent door.
 24778 | Vaults:4 | Killed Yptir's ghost
 25372 | Vaults:3 | Reached skill level 15 in Shields
 25561 | Vaults:3 | Found a staircase to the Crypt.
 25569 | Crypt:1  | Entered Level 1 of the Crypt
 25576 | Crypt:1  | Reached skill level 15 in Fighting
 25894 | Crypt:2  | Reached XP level 26. HP: 187/197 MP: 15/42
 25930 | Crypt:2  | Found a basalt altar of Yredelemnul.
 26015 | Crypt:2  | Noticed Sojobo
 26030 | Crypt:2  | Paralysed by an air elemental for 1 turns
 26034 | Crypt:2  | Killed Sojobo
 26040 | Crypt:2  | Reached skill level 10 in Armour
 26342 | Vaults:2 | Found a glowing silver altar of Zin.
 26344 | Vaults:2 | Found a glowing golden altar of the Shining One.
 26584 | Depths:1 | Entered Level 1 of the Depths
 26885 | Depths:1 | Found a broken altar of Ashenzari.
 26942 | Depths:1 | Found a gateway to Hell.
 27068 | Depths:3 | Reached XP level 27. HP: 212/212 MP: 31/42
 27082 | Depths:3 | Found a transporter.
 27082 | Depths:3 | Identified the ring of the Firefly {Wiz rPois rF+ Str+3}
 27082 | Depths:3 | Identified the +0 glaive of Eternal War {heavy, *Corrode
                  | Will+ Int+6 Stlth+}
 27086 | Depths:3 | Reached skill level 10 in Evocations
 27095 | Depths:3 | Found a transporter.
 27101 | Depths:3 | Found a one-way gate leading to the halls of Pandemonium.
 27119 | Pan      | Entered Pandemonium
 27268 | Pan      | Found an exit through the horrors of the Abyss.
 27358 | Pan      | Noticed Fetagyrgh the pandemonium lord
 27373 | Pan      | Killed Fetagyrgh the pandemonium lord
 27474 | Pan      | Entered the realm of Mnoleg.
 27496 | Pan      | Gained mutation: Armour fits poorly on your strangely
                  | shaped body. [a cacodemon]
 27607 | Pan      | Noticed Mnoleg
 27625 | Pan      | Killed Mnoleg
 27671 | Pan      | Got a glowing rune of Zot
 27696 | Pan      | Gained mutation: You occasionally lose the ability to drink
                  | potions when taking damage. [a neqoxec]
 27698 | Pan      | Lost mutation: Armour fits poorly on your strangely shaped
                  | body. [potion of mutation]
 27698 | Pan      | Lost mutation: You occasionally lose the ability to drink
                  | potions when taking damage. [potion of mutation]
 27698 | Pan      | Gained mutation: You have very sharp teeth. [potion of
                  | mutation]
 27792 | Pan      | Reached skill level 15 in Evocations
 27809 | Pan      | Noticed Baherr the pandemonium lord
 27811 | Pan      | Killed Baherr the pandemonium lord
 27838 | Depths:3 | Escaped Pandemonium
 27849 | Depths:3 | Paralysed by a floating eye for 2 turns
 27865 | Depths:3 | Identified the ring of Ykustuaba {Wiz Dex+5}
 27918 | Pan      | Entered Pandemonium
 27928 | Pan      | Noticed Xinuf the pandemonium lord
 27934 | Pan      | Killed Xinuf the pandemonium lord
 27993 | Pan      | Entered the realm of Cerebov.
 28031 | Pan      | Reached skill level 15 in Spellcasting
 28051 | Pan      | Learned a level 7 spell: Ozocubu's Refrigeration
 28171 | Pan      | Got The Arcane Secrets of Magic
 28235 | Pan      | Found an exit through the horrors of the Abyss.
 28296 | Pan      | Identified the +8 flail of Honesty {drain, rF+ rC++ Will+
                  | Stlth-}
 28305 | Pan      | Reached skill level 8 in Ice Magic
 28347 | Pan      | Identified the staff "Ijiaxt" {rN+ Int+2 Necro}
 28381 | Pan      | Reached skill level 9 in Ice Magic
 28608 | Pan      | Identified the ring of Ylavo {rPois rF+ AC+4 Dex+3 Stlth+}
 28639 | Pan      | Identified the staff "Jeilesmoa" {rN+ Str+2 Int+5 Necro}
 28642 | Pan      | Identified the +0 quick blade of Hacking and Slashing
                  | {freeze, rF+}
 28645 | Pan      | Identified the orb "Fuukhlymy" {*channel, Drain Str+2 Int+3
                  | Stlth+}
 28664 | Pan      | Reached skill level 10 in Ice Magic
 28976 | Pan      | Reached skill level 11 in Ice Magic
 29129 | Pan      | Identified the ring of Baxud {rElec rC+ MP+9}
 29245 | Pan      | Identified the +7 great sword "Adu Lan" {flame, +Blink
                  | Str+3 Dex-4}
 29266 | Pan      | Found the +6 sword of Cerebov {flame}
 29266 | Pan      | Noticed Cerebov
 29270 | Pan      | Killed Cerebov
 29271 | Pan      | Reached skill level 12 in Ice Magic
 29284 | Pan      | Identified the staff of the Tundras {rC+ rN+ Dex+5 Necro}
 29286 | Pan      | Got a fiery rune of Zot
 29295 | Pan      | Identified the staff "Fooko" {rC+ Str+2 Ice}
 29310 | Pan      | Identified the staff of Evisceration {rPois Str+6 Dex+3
                  | Conj}
 29481 | Pan      | Entered the realm of Gloorx Vloq.
 29497 | Pan      | Reached skill level 13 in Ice Magic
 29782 | Pan      | Reached skill level 14 in Ice Magic
 29959 | Pan      | Noticed Ignacio
 29964 | Pan      | Killed Ignacio
 30221 | Pan      | Reached skill level 15 in Ice Magic
 30243 | Pan      | Noticed Gloorx Vloq
 30250 | Pan      | Killed Gloorx Vloq
 30287 | Pan      | Got a dark rune of Zot
 30370 | Pan      | Reached skill level 16 in Ice Magic
 30408 | Pan      | Entered the realm of Lom Lobon.
 30467 | Pan      | Found an exit through the horrors of the Abyss.
 30819 | Pan      | Noticed Lom Lobon
 30903 | Pan      | Learned a level 6 spell: Leda's Unmaking
 31121 | Pan      | Killed Lom Lobon
 31122 | Pan      | Reached skill level 10 in Earth Magic
 31157 | Pan      | Got a magical rune of Zot
 31457 | Pan      | Noticed Puly the pandemonium lord
 31461 | Pan      | Killed Puly the pandemonium lord
 31487 | Depths:3 | Escaped Pandemonium
 31736 | Pan      | Entered Pandemonium
 31757 | Pan      | Noticed Ryucs the pandemonium lord
 31778 | Pan      | Killed Ryucs the pandemonium lord
 31874 | Pan      | Reached skill level 17 in Ice Magic
 31941 | Pan      | Gained mutation: You are clumsy. (Dex -2) [a cacodemon]
 32017 | Pan      | Reached skill level 18 in Ice Magic
 32085 | Pan      | Noticed Rompex the pandemonium lord
 32095 | Pan      | Killed Rompex the pandemonium lord
 32113 | Pan      | Identified the +1 halberd "Usyt" {vamp, rF- Str+3 Dex+3}
 32117 | Pan      | Found an exit through the horrors of the Abyss.
 32151 | Pan      | Took an exit into the Abyss.
 32151 | Abyss:1  | Escaped into the Abyss
 32312 | Abyss:3  | Found a corrupted altar of Lugonu.
 32416 | Abyss:3  | Found a stormy altar of Qazlal.
 32579 | Abyss:3  | Reached skill level 19 in Ice Magic
 32652 | Abyss:3  | Noticed a dread lich
 32662 | Abyss:3  | Got an abyssal rune of Zot
 32664 | Abyss:3  | HP: 6/212 [shadow demon (7)]
 32741 | Depths:3 | Escaped the Abyss
 32767 | Pan      | Entered Pandemonium
 32767 | Pan      | Noticed Zutun the pandemonium lord
 32770 | Pan      | Got a demonic rune of Zot
 32776 | Pan      | HP: 7/212 [??? (5)]
 32918 | Pan      | Reached skill level 20 in Ice Magic
 32954 | Pan      | Found an exit through the horrors of the Abyss.
 32970 | Pan      | Got the Lectures on Relocated Skeletons
 32982 | Pan      | Took an exit into the Abyss.
 32982 | Abyss:3  | Escaped into the Abyss
 32986 | Abyss:3  | Found a corrupted altar of Lugonu.
 32999 | Depths:3 | Escaped the Abyss
 33046 | Depths:3 | Found a hazy altar of Hepliaklqana.
 33074 | Depths:3 | Identified the ring "Nedainka" {rPois Will+++ Str+7 Dex-3
                  | SInv}
 33115 | Depths:3 | Found a one-way gateway to a ziggurat.
 33162 | Depths:4 | Entered Level 4 of the Depths
 33201 | Depths:4 | Found a one-way gate to the infinite horrors of the Abyss.
 33283 | Depths:4 | Found a gate to the Realm of Zot.
 33292 | Zot:1    | Entered Level 1 of the Realm of Zot
 33389 | Zot:2    | Learned a level 9 spell: Polar Vortex
 33405 | Zot:2    | Reached skill level 21 in Ice Magic
 33594 | Zot:5    | Entered Level 5 of the Realm of Zot
 34242 | Vaults:1 | Glimpsed the power of Zot.
 34731 | Hell     | Entered the Vestibule of Hell
 34734 | Hell     | Noticed Geryon
 34744 | Hell     | Killed Geryon
 34757 | Hell     | Reached skill level 22 in Ice Magic
 34828 | Hell     | Found a gateway to the decaying netherworld of Tartarus.
 34878 | Hell     | Reached skill level 23 in Ice Magic
 35323 | Hell     | Found a gateway to the Iron City of Dis.
 35363 | Dis:1    | Entered Level 1 of the Iron City of Dis
 35363 | Dis:1    | Noticed a juggernaut
 35368 | Dis:1    | Killed a juggernaut
 35369 | Dis:1    | Noticed a juggernaut
 35371 | Dis:1    | Noticed a juggernaut
 35371 | Dis:1    | Killed a juggernaut
 35378 | Dis:1    | Killed a juggernaut
 35385 | Dis:1    | Noticed a juggernaut
 35390 | Dis:1    | Killed a juggernaut
 35391 | Dis:1    | Reached skill level 24 in Ice Magic
 35492 | Hell     | Found a gateway to the freezing wastes of Cocytus.
 35571 | Dis:1    | Reached skill level 25 in Ice Magic
 35630 | Dis:2    | HP: 2/195 [crystal echidna/volley of spikes (17)]
 35631 | Dis:2    | Killed from afar by a quicksilver elemental

Illustrated notes

Levels and vault maps discovered:
D:1:      dpeg_arrival_three_smaller_balls, layout_rooms,
          shapermc_ecumenical_altar_acropolis, minmay_hexomino_f4
D:2:      kennysheep_six_static_rooms, layout_rooms, feat_on_display
D:3:      layout_loops_ring, nzn_wu_jian_contemplation,
          pf_guarded_unrand_delatra
D:4:      layout_cave_pods, mainiacjoe_overflow_24_doors, uniq_pikel
D:5:      layout_loops_ring, st_stairs_9, chequers_serial_rivers_room_a,
          kennysheep_nondescript, minmay_misc_feat_rugged, uniq_duvessa,
          uniq_grinder
D:6:      layout_basic
D:7:      layout_rooms, nicolae_ru_great_annihilating_truth,
          nicolae_hepliaklqana_monster_ancestors, temple_statues,
          gammafunk_ghost_smash
D:8:      layout_loops_ring, mainiacjoe_overflow_catwalk,
          nicolae_uskayaw_en_pointe, minivault_22, minmay_microvault
D:9:      layout_rooms, chequers_serial_rivers_micro_c, uniq_erica, uniq_joseph
D:10:     minmay_razor_zed, layout_loops_corners, dpeg_lair_monsters, uniq_urug,
          uniq_maurice
D:11:     layout_basic, portal_ice_cave_entry_pillars_2, serial_shops,
          nicolae_shop_tiny_waterfront, shop, nicolae_shop_peninsula,
          minmay_stone_trees_small, nzn_life_drinkers, uniq_josephine, uniq_grum
D:12:     layout_irregular_city, nicolae_gozag_seed_capital, uniq_frances
D:13:     layout_basic, serial_shops, nicolae_shop_scrapyard,
          nicolae_eternal_life
D:14:     layout_loops_ring, david_vaults_3, evilmike_minifort
D:15:     gammafunk_depths_entry_grave, layout_basic, minivault_23,
          serial_shops, shop
Temple:   eino_temple_rhombus
Lair:1:   layout_long_grid, uniq_fannar
Lair:2:   layout_cave_pods, grunt_megastairs_2
Lair:3:   layout_long_grid, nicolae_swamp_entry_spooky, spider_nest_entry_a,
          nicolae_lair_lindhole
Lair:4:   layout_cave_shapes, evilmike_ambush [evilmike_ambush_outer_basic,
          evilmike_ambush_inner_basic], uniq_snorg
Lair:5:   minmay_lair_end_enchanted_forest, layout_gridlike,
          nicolae_slime_entry_field_trip, grunt_forest_large_clearing_hut
Swamp:1:  layout_basic_swamp, evilmike_swamp_ruin_rubble_2, swamp_pool1
Swamp:2:  nzn_winding_woodlands_small [nzn_winding_woodlands_5x15_garden,
          nzn_winding_woodlands_center_lodge,
          nzn_winding_woodlands_5x15_default], layout_falls_marsh,
          evilmike_swamp_ruin_house_1, swamp_pool2, nicolae_swamp_no_escape
Swamp:3:  nicolae_swamp_decorative_isthmus, layout_basic_swamp,
          nicolae_swamp_feature_on_the_river_bank, swamp_pool1
Swamp:4:  swamp, layout_basic_swamp, ebering_ghost_inner_flame
Spider:1: layout_spider_delve, nicolae_spider_checkerboard
Spider:2: layout_spider_delve
Spider:3: layout_spider_delve, drop_trap, hangedman_spider_tarantella_strand,
          nicolae_spider_cling_halls, uniq_arachne
Spider:4: guppyfry_spider_rune, uniq_bai_suzhen
Slime:1:  layout_caves
Slime:2:  layout_caves
Slime:3:  layout_caves, cheibrodos_slime_lost_civilization_6
Slime:4:  layout_caves
Slime:5
Orc:1:    layout_diamond_mine, basic_altar, serial_shops, shop,
          minmay_orc_temple_a
Orc:2:    st_orc_open, layout_caves
Elf:1:    eino_elf_arrival_altar, layout_loops_corners, hangedman_elf_disciples,
          nicolae_elf_big_sculpture_2
Elf:2:    nicolae_elf_blades_splatter_lattice [nicolae_blade_entry_pointy_end],
          layout_geoelf_diagonals, serial_shops, nicolae_shop_tiny_glass
Elf:3:    minmay_elf_hall_hex, layout_loops_corners, serial_shops,
          nicolae_shop_behind_doors
Vaults:1: nicolae_vaults_closet_pinwheel_5, nicolae_vaults_little_squares_6,
          nicolae_vaults_trapezoid_1, st_star, v_misc_3,
          nicolae_vaults_tetromino_L_1, grunt_vaults_hallway_short,
          nicolae_vaults_little_squares_4, vaults_room_large_hall,
          vaults_room_grid, nicolae_vaults_trapezoid_2, nicolae_vaults_alarming,
          layout_vaults_omnigrid, serial_shops, nicolae_shop_tiny_glass
Vaults:2: portal_desolation_entry_holy_temple, nicolae_vaults_little_ls,
          v_misc_18, vaults_room_semicircle, v_misc_1,
          nicolae_vaults_tetromino_Z_1, vaults_mumra_minichess,
          nicolae_vaults_weapon_check, nicolae_vaults_security_offices_6,
          nicolae_vaults_oval_intersection, v_pattern_1,
          hangedman_vaults_restitches, nicolae_vaults_cochlea, v_alt_pattern_4,
          hangedman_vaults_corner_blocks, vaults_dpeg_cross, layout_vaults_maze,
          serial_shops, shop, uniq_margery, uniq_xtahua, uniq_boris
Vaults:3: nicolae_vaults_trapezoid_layered, hangedman_vaults_slither,
          ontoclasm_vaults_chip, nicolae_vaults_mini_display_case,
          hangedman_vaults_slice, grunt_vaults_swirl,
          minmay_crypt_entry_nasty_monster, vaults_mumra_hexcomb,
          nicolae_vaults_double_plus_1, layout_vaults_chaotic_city, uniq_donald,
          uniq_mara
Vaults:4: advil_vaults_ghost_lines, v_misc_29, dpeg_vaults_monster_row,
          nicolae_vaults_sightless_eye, special_room_vaults [special_room_orc],
          nicolae_vaults_more_shelving_2, v_misc_17, hangedman_vaults_hat,
          nicolae_vaults_windows_and_doors_thing, hangedman_vaults_impose,
          ontoclasm_vaults_bender, layout_vaults_omnibox
Vaults:5: serial_shops
Crypt:1:  layout_gridlike, st_stairs_2, nicolae_crypt_crumbling_hall
Crypt:2:  layout_basic, serial_sigils_hangedman_carve, hangedman_blasphemy,
          uniq_sojobo
Depths:1: layout_cave_pools, serial_bayou_pond_b, hellmouth_1, st_stairs_8,
          nicolae_ashenzari_panopticon, grunt_megastairs_4, firewood_loft
Depths:2: kennysheep_spiral_hall, layout_basic, lightli_too_deep,
          nicolae_lava_and_water, abyss_entry_crystal, special_room
          [special_room_magic_class], rand_demon_pan_entry_5
Depths:3: hangedman_spin_cycle, abyss_entry, pan_entry, hell_entry,
          uniq_josephina
Depths:4: grunt_zot_entry_gee_three, layout_gridlike, hell_entry, abyss_entry,
          serial_bayou_shore_a
Hell
Dis:1:    nicolae_hells_titanomachy
Dis:2:    layout_jigsaw, evilmike_ambush [evilmike_ambush_outer_basic,
          evilmike_ambush_inner_pond]
Zot:1:    layout_cathedral_of_symmetry
Zot:2:    lemuel_acid_trip, layout_cathedral_of_symmetry
Zot:3:    layout_misc_corridors
Zot:4:    nicolae_zot_stationary_front, layout_gridlike
Zot:5:    layout_misc_corridors, lemuel_baited_zot_trap

Skill      XL: |  1  2  3  4  5  6  7  8  9 10 11 12 13 14 15 16 17 18 19 20 21 22 23 24 25 26 27 |
---------------+----------------------------------------------------------------------------------+-----
Spellcasting   | 2 3 4 6 7 9 10 12 13 14 18 | 18.8
Conjurations   | 1 2 3 5 7 8 11 | 11.6
Ice Magic      | 5 6 7 25 | 25.3
Invocations    | 4 11 | 11.2
Fighting       | 2 6 8 9 11 13 15 17 | 17.4
Staves         | 3 8 10 11 12 | 12.0
Earth Magic    | 3 9 12 | 12.2
Fire Magic     | 8 11 12 13 17 18 19 21 | 21.7
Evocations     | 9 16 | 16.3
Armour         | 3 6 9 11 | 11.2
Dodging        | 4 11 16 17 18 19 | 19.6
Shields        | 11 13 14 15 16 | 16.7
Translocations | 3 8 |  8.2
Transmutations | 3 8 9 |  9.5
Air Magic      | 11 15 18 19 | 19.6
Long Blades    | |  2.4
Stealth        | |  1.0

Action                     |  1- 3 |  4- 6 |  7- 9 | 10-12 | 13-15 | 16-18 | 19-21 | 22-24 | 25-27 || total
---------------------------+-------+-------+-------+-------+-------+-------+-------+-------+-------++-------
  Melee: Falchion          |    18 |     5 |       |       |       |       |       |       |       ||    23
         Staff             |       |    13 |    27 |   100 |   218 |   190 |   243 |   122 |   907 ||  1820
         Unarmed           |       |       |       |     9 |       |       |       |     2 |     5 ||    16
         Punch             |       |       |       |     5 |     3 |     3 |       |       |       ||    11
         Bite              |       |       |       |       |       |       |       |       |   145 ||   145
  Throw: Dart              |       |       |     5 |     2 |       |       |       |       |       ||     7
         Throwing net      |       |       |       |       |       |       |     1 |       |       ||     1
   Cast: Freeze            |    25 |    39 |    25 |     5 |       |       |       |       |       ||    94
         Hailstorm         |       |     9 |    34 |    40 |    61 |    11 |       |       |       ||   155
         Stone Arrow       |       |       |    15 |    80 |   122 |   126 |    62 |     1 |       ||   406
         Sticky Flame      |       |       |       |    16 |    73 |    15 |    24 |     2 |    11 ||   141
         Ignition          |       |       |       |       |    10 |    63 |    82 |    54 |   132 ||   341
         Lee's Rapid Decon |       |       |       |       |       |       |    10 |       |     7 ||    17
         Passage of Golubr |       |       |       |       |       |       |     3 |       |     2 ||     5
         Plasma Beam       |       |       |       |       |       |       |    21 |   180 |   425 ||   626
         Storm Form        |       |       |       |       |       |       |       |     1 |     1 ||     2
         Maxwell's Capacit |       |       |       |       |       |       |       |     3 |    11 ||    14
         Ozocubu's Refrige |       |       |       |       |       |       |       |       |    80 ||    80
         Polar Vortex      |       |       |       |       |       |       |       |       |    18 ||    18
         Leda's Unmaking   |       |       |       |       |       |       |       |       |     3 ||     3
         Wereblood         |       |       |       |       |       |       |       |       |     1 ||     1
 Invoke: Ancestor Life: Kn |     1 |       |       |       |       |       |       |       |       ||     1
         Recall Ancestor   |       |       |     3 |     3 |    11 |     3 |     7 |     1 |    14 ||    42
         Transference      |       |       |     1 |     4 |     2 |       |     1 |       |     8 ||    16
         Idealise          |       |       |       |       |     2 |       |     1 |     1 |    10 ||    14
Ability: End Transformatio |       |       |       |       |       |       |       |     1 |     1 ||     2
  Evoke: Wand              |       |       |       |       |     4 |     1 |    13 |     4 |    37 ||    59
         Phial of floods   |       |       |       |       |       |       |       |       |     2 ||     2
         Phantom mirror    |       |       |       |       |       |       |       |       |     3 ||     3
         Condenser vane    |       |       |       |       |       |       |       |       |     4 ||     4
         Horn of Geryon    |       |       |       |       |       |       |       |       |     1 ||     1
    Use: Scroll            |       |     6 |     2 |     1 |       |     9 |    10 |     3 |    26 ||    57
         Potion            |       |       |       |     5 |     4 |     5 |     4 |     3 |    18 ||    39
   Stab: Invisible         |       |       |       |     1 |       |       |       |       |     5 ||     6
         Paralysed         |       |       |       |     1 |       |       |       |       |       ||     1
         Distracted        |       |       |       |     1 |     1 |     2 |     3 |     2 |    23 ||    32
         Sleeping          |       |       |       |       |       |       |       |     1 |       ||     1
 Armour: Robe              |    18 |    27 |    16 |     5 |       |       |       |       |       ||    66
         Skin              |       |       |       |    34 |       |       |       |       |     6 ||    40
         Ring mail         |       |       |       |    33 |    57 |       |       |       |       ||    90
         Steam dragon scal |       |       |       |    21 |    53 |    58 |    74 |    43 |   330 ||   579
  Dodge: Dodged            |    24 |    31 |    38 |   100 |   224 |   190 |   259 |   101 |   789 ||  1756
  Block: Kite shield       |       |       |       |       |       |    55 |   248 |   104 |   901 ||  1308

Table legend: (Time is in decaauts)
 A = Elapsed time spent in this place.
 B = Non-inter-level travel time spent in this place.
 C = Inter-level travel time spent in this place.
 D = Time resting spent in this place.
 E = Time spent auto-exploring this place.
 F = Levels seen in this place.
 G = Mean time per level.
                   A        B        C        D        E       F      G
               +--------+--------+--------+--------+--------+-----+--------+
         Total |  35325 |  30775 |   4550 |   2281 |   3682 |  82 |  430.8 |
       Dungeon |  10020 |   8523 |   1497 |    128 |   2299 |  15 |  668.0 |
        Temple |    291 |    275 |     16 |    100 |    163 |   1 |  291.0 |
          Lair |   3646 |   2989 |    657 |     86 |      0 |   5 |  729.2 |
         Swamp |   2298 |   2155 |    143 |      0 |    878 |   4 |  574.5 |
   Spider Nest |   2603 |   2213 |    390 |     78 |     22 |   4 |  650.8 |
    Slime Pits |    959 |    920 |     39 |    227 |      0 |   5 |  191.8 |
  Orcish Mines |    769 |    615 |    154 |      0 |      0 |   2 |  384.5 |
   Elven Halls |   2204 |   1960 |    244 |    563 |      0 |   3 |  734.7 |
        Vaults |   3660 |   2911 |    749 |     47 |     93 |   5 |  732.0 |
         Crypt |    613 |    517 |     96 |      0 |      0 |   2 |  306.5 |
        Depths |   1657 |   1165 |    492 |    246 |      0 |   4 |  414.2 |
          Hell |    336 |    335 |      1 |      3 |      0 |   1 |  336.0 |
           Dis |    122 |    122 |      0 |      0 |      0 |   2 |   61.0 |
           Zot |    417 |    349 |     68 |     43 |      0 |   5 |   83.4 |
         Abyss |    591 |    591 |      0 |      0 |      0 |   4 |  147.8 |
   Pandemonium |   4706 |   4706 |      0 |    699 |    227 |  19 |  247.7 |
      Ice Cave |    426 |    426 |      0 |     61 |      0 |   1 |  426.0 |
               +--------+--------+--------+--------+--------+-----+--------+

Top non-repeatable levels by time:
    D:10: 1395 daAuts
   Elf:3: 1263 daAuts
Vaults:5: 1123 daAuts
    D:11: 1039 daAuts
Vaults:4: 1013 daAuts
  Lair:5: 951 daAuts
    D:13: 931 daAuts
Spider:3: 824 daAuts
Depths:3: 792 daAuts
    D:12: 774 daAuts
    D:15: 769 daAuts
Vaults:3: 759 daAuts
   Elf:1: 752 daAuts
  Lair:2: 739 daAuts
Spider:1: 718 daAuts
